 Dungeon Crawl Stone Soup version 0.23-a0-350-g6fd5563 (webtiles) character file.

208 Cryolive the Shield-Bearer (level 5, 0/47 HPs)
             Began as a Minotaur Fighter on Oct 20, 2018.
             Slain by an ogre
             ... wielding a +0 giant club
              (6 damage)
             ... on level 4 of the Dungeon.
             The game lasted 00:09:21 (2681 turns).

Cryolive the Shield-Bearer (Minotaur Fighter)       Turns: 2681, Time: 00:09:22

Health: 0/47       AC: 10    Str: 21    XL:     5   Next: 55%
Magic:  4/4        EV:  6    Int:  5    God:
Gold:   245        SH: 10    Dex: 10    Spells: 4/4 levels left

rFire    + . .     SeeInvis .   a - +0 trident
rCold    . . .     Gourm    .   c - +0 shield
rNeg     . . .     Faith    .   y - +0 chain mail
rPois    .         Spirit   .   (helmet restricted)
rElec    .         Reflect  .   (no cloak)
rCorr    .         Harm     .   x - +0 pair of gloves
MR       .....                  (no boots)
Stlth    ..........             w - amulet of rage
HPRegen  0.15/turn              u - ring of protection from cold
MPRegen  0.09/turn              l - ring of fire

@: no status effects
A: retaliatory headbutt, horns 2
a: Evoke Berserk Rage


You were on level 4 of the Dungeon.
You were not hungry.

You visited 1 branch of the dungeon, and saw 4 of its levels.

You collected 245 gold pieces.

Inventory:

Hand Weapons
 a - a +0 trident (weapon)
Missiles
 g - 175 stones (quivered)
Armour
 b - a +0 scale mail
 c - a +0 shield (worn)
 x - a +0 pair of gloves (worn)
 y - a +0 chain mail (worn)
Jewellery
 j - an uncursed ring of magical power
 l - a ring of fire (right hand)
 u - a ring of protection from cold (left hand)
 w - an amulet of rage (around neck)
Wands
 n - a wand of iceblast (11)
Scrolls
 h - 2 scrolls of identify
 i - 4 scrolls of amnesia
 k - 4 scrolls of remove curse {unknown}
 m - 2 scrolls of enchant armour {unknown}
 o - 2 scrolls of fear {unknown}
 t - a scroll of immolation {unknown}
 v - a scroll of random uselessness {unknown}
Potions
 d - a potion of might
 e - a potion of heal wounds {unknown}
 p - a potion of curing {unknown}
 q - a potion of agility {unknown}
 r - 3 potions of haste {unknown}
 s - a potion of degeneration {unknown}
Comestibles
 f - 2 rations


   Skills:
 + Level 4.4 Fighting
 + Level 4.2 Polearms
 + Level 0.6 Throwing
 + Level 4.7 Armour
 + Level 0.6 Dodging
 + Level 0.3 Stealth
 + Level 5.0 Shields


You had 4 spell levels left.
You didn't know any spells.
Your spell library contained the following spells:

 Spells                   Type           Power        Failure   Level  Hunger
 Confusing Touch          Hex            #.....       100%        1    ##.....
 Magic Dart               Conj           #...         100%        1    ##.....
 Blink                    Tloc           N/A          100%        2    ###....
 Call Imp                 Summ           #.......     100%        2    ###....
 Slow                     Hex            #.......     100%        2    ###....
 Confuse                  Hex            #.......     100%        3    ####...
 Conjure Flame            Conj/Fire      #.......     100%        3    ####...
 Gell's Gravitas          Tloc           #.........   100%        3    ####...
 Mephitic Cloud           Conj/Pois/Air  #.......     100%        3    ####...
 Petrify                  Tmut/Erth      #.......     100%        4    #####..
 Metabolic Englaciation   Hex/Ice        #.........   100%        5    ######.
 Yara's Violent Unravell  Hex/Tmut       #.........   100%        5    ######.


Dungeon Overview and Level Annotations

Branches:
Dungeon (4/15)
 Temple: D:4-7

Altars:
Cheibriados
Gozag
Hepliaklqana
Ru


Innate Abilities, Weirdness & Mutations

You reflexively headbutt those who attack you in melee.
You have a pair of horns on your head.


Message History

The worm is severely wounded.
The worm barely misses you.
You hit the worm but do no damage. You headbutt the worm!
You kill the worm!
You feel sick.
You are no longer poisoned.
You see here a worm corpse.
An ogre comes into view. It is wielding a +0 giant club.
The ogre shouts!
You see here 24 stones.
You see here a worm corpse.
You hit the ogre.
The ogre is moderately wounded.
The ogre hits you with a +0 giant club!
* * * LOW HITPOINT WARNING * * *
Your chain mail prevents you from hitting the ogre.
You headbutt the ogre!
The ogre is heavily wounded.
The ogre hits you with a +0 giant club.
You die...

#.###..# . ##.#.#..# ..
#....#..##. #.........
#.(..#..# #. #.#
#....#..##### #.##.#
#....(......# # #..#.#
#....#.####.###.##.#.####
#..O.#.O@................
#....####.#.###.##...(###
......
###.#.##...........
.......
#......#...........
.......
#......#...........
.......
#......##.####..###
...##......##..........
..........#########.###
#.####.### ###..##


You could see an ogre.

Vanquished Creatures
  A bullfrog skeleton (D:4)
  2 worker ants (D:4)
  3 gnolls (D:3)
  2 adders
  2 oozes (D:1)
  4 worms
  2 dart slugs
  2 leopard geckos
  5 orcs (D:3)
  2 giant cockroaches
  6 goblins
  6 hobgoblins
  2 jackals (D:3)
  A quokka (D:2)
  2 ball pythons
  8 bats
  2 frilled lizards (D:2)
  6 kobolds (D:2)
  A quokka skeleton (D:2)
  3 rats
62 creatures vanquished.

Notes
Turn   | Place    | Note
-------+----------+-------------------------------------------
     0 | D:1      | Cryolive the Minotaur Fighter began the quest for the Orb.
     0 | D:1      | Reached XP level 1. HP: 19/19 MP: 0/0
   152 | D:1      | Reached XP level 2. HP: 26/27 MP: 1/1
   257 | D:1      | Reached skill level 4 in Shields
   577 | D:1      | Reached XP level 3. HP: 27/33 MP: 2/2
  1140 | D:2      | Found an opulent altar of Gozag.
  1140 | D:2      | Found a sacrificial altar of Ru.
  1145 | D:2      | Found a snail-covered altar of Cheibriados.
  1147 | D:2      | Found a hazy altar of Hepliaklqana.
  1148 | D:2      | Found a faded altar of an unknown god.
  1585 | D:2      | Found a faded altar of an unknown god.
  1722 | D:3      | Reached XP level 4. HP: 20/40 MP: 3/3
  2519 | D:4      | Reached XP level 5. HP: 41/47 MP: 4/4
  2608 | D:4      | Reached skill level 5 in Shields
  2674 | D:4      | Noticed an ogre
  2681 | D:4      | Slain by an ogre

Vault maps used:
D:1:      matt_arrival_diagonals
D:2:      chequers_temple_overflow_minitemple, chequers_ecumenical_altar_lobes,
          kennysheep_boxes
D:4:      makhleb_grotto_becter, tgw_xom

Skill      XL: |  1  2  3  4  5 |
---------------+----------------+-----
Shields        | 4 5 |  5.0
Fighting       | 4 |  4.4
Armour         | 4 |  4.7
Polearms       | 3 4 |  4.2
Throwing       | |  0.6
Dodging        | |  0.6
Stealth        | |  0.3

Action                   |  1- 3 |  4- 6 || total
-------------------------+-------+-------++-------
Melee: Trident           |   102 |    84 ||   186
       Headbutt          |    12 |    15 ||    27
Throw: Stone             |    23 |       ||    23
  Use: Scroll            |       |     2 ||     2
  Eat: Ration            |     1 |     1 ||     2
Armor: Scale mail        |    73 |    22 ||    95
       Chain mail        |       |     9 ||     9
Dodge: Dodged            |    30 |    23 ||    53
Block: Shield            |    67 |    49 ||   116

Table legend:
 A = Non-vault XP
 B = Vault XP
 C = Vault XP percentage of total XP
 D = Non-vault monster count
 E = Vault monster count
 F = Vault count percentage of total count
                 A         B        C        D         E       F
            +---------+---------+-------+---------+---------+-------
      Total |     298 |       0 |   0.0 |      62 |       0 |   0.0
            +---------+---------+-------+---------+---------+-------
        D:1 |      45 |       0 |   0.0 |      19 |       0 |   0.0
        D:2 |      45 |       0 |   0.0 |      18 |       0 |   0.0
        D:3 |      92 |       0 |   0.0 |      20 |       0 |   0.0
        D:4 |     116 |       0 |   0.0 |       5 |       0 |   0.0
            +---------+---------+-------+---------+---------+-------
